 Dungeon Crawl Stone Soup version 0.31.0-11-ge490571c62 (webtiles) character file.

Game seed: 15455046095993439924

5964 Rin the Basher (level 11, -8/91 HPs)
             Began as a Formicid Fighter on Jan 29, 2024.
             Was a Believer of Nemelex Xobeh.
             Hit by a large rock thrown by a cyclops (43 damage)
             ... on level 11 of the Dungeon.
             The game lasted 01:34:47 (6172 turns).

Rin the Basher (Formicid Fighter)                   Turns: 6172, Time: 01:34:47

Health: -8/91      AC: 15    Str: 24    XL:     11   Next: 9%
Magic:  13/15      EV: 10    Int:  5    God:    Nemelex Xobeh [**....]
Gold:   233        SH:  7    Dex: 15    Spells: 10/10 levels left

rFire   + . .        H - +5 morningstar
rCold   . . .        c - +1 buckler
rNeg    . . .        B - +5 chain mail of the Pits of Slime {rF+ Will+}
rPois   .            (helmet unavailable)
rElec   .            v - scarf {harm}
rCorr   .            (no gloves)
SInv    +            (no boots)
Will    ++...        (no amulet) Stlth
                     g - ring of see invisible
HPRegen 0.35/turn    (no ring)
MPRegen 0.14/turn

%: harm (+30% outgoing, +20% incoming)
@: no status effects
A: permanent stasis, dig shafts and tunnels, antennae 3, four strong arms, dopey
1, robust 1, MP-powered wands
a: Dig, Shaft Self, Renounce Religion, Draw Escape, Draw Destruction, Draw
Summoning


You were on level 11 of the Dungeon.
You worshipped Nemelex Xobeh.
Nemelex Xobeh was pleased with you.
You visited 2 branches of the dungeon, and saw 10 of its levels.

You collected 413 gold pieces.
You spent 180 gold pieces at shops.

Inventory:

Hand Weapons
 f - a +4 whip
 l - a +0 vampiric whip
 t - a +0 giant club
 z - a +0 giant spiked club
 F - a +4 battleaxe of freezing
 H - a +5 morningstar (weapon)
Missiles
 m - 8 poisoned darts
 r - 3 datura-tipped darts
 x - 5 boomerangs (quivered)
Armour
 b - a +0 scale mail
 c - a +1 buckler (worn)
 p - the +2 leather armour of Insecurity {rF- rC++ Dex+2}
   (You found it on level 4 of the Dungeon)

   Dex+2:     It affects your dexterity (+2).
   rF-:       It makes you vulnerable to fire.
   rC++:      It greatly protects you from cold.
 v - a scarf of harm (worn)
 A - a +0 ring mail of fire resistance
 B - the +5 chain mail of the Pits of Slime (worn) {rF+ Will+}
   (You found it on level 5 of the Dungeon)

   rF+:       It protects you from fire.
   Will+:     It increases your willpower.
Jewellery
 e - an amulet of magic regeneration
 g - a ring of see invisible (left hand)
 o - a ring of ice
Wands
 n - a wand of acid (2)
 C - a wand of flame (18)
Scrolls
 h - 3 scrolls of fog
 i - 4 scrolls of teleportation
 s - 3 scrolls of amnesia
Potions
 d - 2 potions of might
 w - a potion of resistance
 D - 3 potions of degeneration
 I - 4 potions of lignification
 J - 2 potions of cancellation


   Skills:
 * Level 6.7 Fighting
 * Level 8.1 Maces & Flails
 * Level 6.1 Throwing
 * Level 7.2 Armour
 * Level 4.0 Dodging
 * Level 7.3 Shields
 * Level 5.7 Invocations
 * Level 5.1 Evocations


You had 10 spell levels left.
You didn't know any spells.
Your spell library contained the following spells:

 Spells                   Type           Power      Damage    Failure   Level
 Foxfire                  Conj/Fire      0%         2x1d4     96%         1
 Freeze                   Ice            0%         1d3       96%         1
 Slow                     Hex            0%         N/A       96%         1
 Summon Small Mammal      Summ           0%         N/A       96%         1
 Call Imp                 Summ           0%         N/A       99%         2
 Static Discharge         Conj/Air       0%         3-3/arc   99%         2
 Confusing Touch          Hex            0%         N/A       100%        3
 Frozen Ramparts          Ice            0%         1d1       100%        3
 Hailstorm                Conj/Ice       0%         3d5       100%        3
 Inner Flame              Hex/Fire       0%         N/A       100%        3
 Sigil of Binding         Hex            0%         N/A       100%        3
 Tukima's Dance           Hex            0%         N/A       100%        3
 Vampiric Draining        Necr           0%         2d6       100%        3
 Airstrike                Air            0%         2d(0-16)  100%        4
 Summon Lightning Spire   Summ/Air       0%         N/A       100%        4
 Irradiate                Conj/Alch      0%         3d11      100%        5
 Plasma Beam              Fire/Air       0%         2x1d10    100%        6
 Starburst                Conj/Fire      0%         6d3       100%        6
 Ignition                 Fire           0%         3d3       100%        8


Dungeon Overview and Level Annotations

Branches:
Dungeon (8/15)             Temple (1/1) D:6
   Lair: D:8-11

Altars:
Ashenzari
Cheibriados
Dithmenos
Elyvilon
Fedhas
Gozag
Hepliaklqana
Kikubaaqudgha
Makhleb
Nemelex Xobeh
Okawaru
Qazlal
Ru
Sif Muna
Trog
Uskayaw
Vehumet
Wu Jian
Xom
Yredelemnul
Zin
The Shining One

Shops:
D:3 (   D:5 [*[   D:6 :


Innate Abilities, Weirdness & Mutations

You cannot be hasted, slowed, berserked, paralysed or teleported.
You can dig through walls and to a lower floor.
You have a pair of large antennae on your head. (SInv)
Your four strong arms can wield two-handed weapons with a shield.
You are dopey. (Int -2)
You are robust. (+10% HP)
You expend magic power (3 MP) to strengthen your wands.


Message History

You pick up a book of Fire and begin reading...
You add the spells Foxfire, Plasma Beam and Starburst to your library.
Okay, then.
A cyclops and a gnoll sergeant come into view.
The cyclops shouts!
The gnoll sergeant shouts!
A shadow comes into view.
The cyclops moves out of view.
Aiming: Corrosive Bolt
Press: ? - help, Q - select action, (/) - cycle Shift-Dir - straight line, f - gnoll sergeant
Aim: a gnoll sergeant, wielding a +0 trident and wearing a +0 scale mail (81% to hit)
You feel a surge of power!
The bolt of acid hits the gnoll sergeant!
The acid corrodes the gnoll sergeant!
The gnoll sergeant is almost dead.
The gnoll sergeant hits you from afar with a +0 trident.
Throw: 5 boomerangs
Press: ? - help, Q - select action, (/) - cycle Shift-Dir - straight line, f/p - gnoll sergeant
Aim: a gnoll sergeant, wielding a +0 trident and wearing a +0 scale mail (severely wounded, covered in acid, 70% to hit)
You throw a boomerang.
The boomerang barely misses the gnoll sergeant.
The boomerang hits the shadow but does no damage.
The gnoll sergeant hits you from afar with a +0 trident.
Throw: 5 boomerangs
Press: ? - help, Q - select action, (/) - cycle Shift-Dir - straight line, f/p - gnoll sergeant
Aim: a gnoll sergeant, wielding a +0 trident and wearing a +0 scale mail (severely wounded, covered in acid, 70% to hit)
You throw a boomerang. The boomerang hits the gnoll sergeant!
You kill the gnoll sergeant!
Throw: 5 boomerangs
Press: ? - help, Q - select action, (/) - cycle Shift-Dir - straight line, f - shadow
Aim: a shadow (63% to hit)
You throw a boomerang. The boomerang hits the shadow!
The shadow is heavily damaged.
You hit the shadow.
The shadow is severely damaged.
The shadow hits you.
You puncture the shadow!
You destroy the shadow!
The cyclops throws a large rock.
The large rock hits you!!!
You die...
Your body disappears without a glow.

{..### { { #W # {{#.#.#
{{{ # {.# .# .##...#
#.#..###. #.#
{{.#.#########.#.....#.#
##{{###.....###.#####.#
#c{###.......###....C##
.####.........####)###
## #..##....#..##...# #
##.##...###..#@####
###......(.)[...#...##
.#.#.####..###.#####.#
#.##........#..##...##
#####....##.(.#######
##...##..## ##.....##
####### {


You could see a cyclops.

Vanquished Creatures
  2 cyclopes (D:11)
  A troll (D:11)
  Eustachio (D:4)
  4 hogs (D:7)
  A human (D:7)
  A shadow (D:11)
  Duvessa (D:4)
  2 water moccasins (D:7)
  3 orc warriors
  2 ice beasts
  4 black bears
  2 sky beasts (D:7)
  2 ogres (D:5)
  2 centaurs
  2 phantoms (D:6)
  3 bullfrogs
  A gnoll sergeant (D:11)
  2 scorpions
  9 wights
  4 killer bees (D:8)
  A howler monkey (D:7)
  An electric eel (D:8)
  4 bombardier beetles
  3 hounds
  A gnoll bouda (D:5)
  3 iguanas
  2 sleepcaps
  4 orc wizards
  3 adders
  3 gnolls (D:6)
  A white imp (D:7)
  4 ufetubi
  2 dart slugs
  2 ribbon worms
  24 orcs
  7 endoplasms
  2 giant cockroaches
  10 goblins
  6 hobgoblins
  4 jackals (D:1)
  3 quokkas
  10 ball pythons
  9 bats
  4 frilled lizards
  4 kobolds
166 creatures vanquished.

Vanquished Creatures (collateral kills)
  Sigmund (D:4)
  A centaur (D:8)
  Dowan (D:4)
  An orc priest (D:8)
  An iguana (D:4)
  5 gnolls (D:5)
  3 orcs
13 creatures vanquished.

Vanquished Creatures (others)
  A hornet (D:7)
1 creature vanquished.

Grand Total: 180 creatures vanquished

Notes
Turn   | Place    | Note
-------+----------+-------------------------------------------
     0 | D:1      | Rin the Formicid Fighter began the quest for the Orb.
     0 | D:1      | Reached XP level 1. HP: 18/18 MP: 1/1
   127 | D:1      | Reached XP level 2. HP: 20/24 MP: 2/2
   271 | D:1      | Reached XP level 3. HP: 27/28 MP: 3/3
   297 | D:1      | Reached skill level 1 in Invocations
   952 | D:2      | Reached XP level 4. HP: 24/37 MP: 4/4
  1053 | D:2      | Gained mutation: You are robust. (+10% HP) [potion of
                  | mutation]
  1053 | D:2      | Gained mutation: You are dopey. (Int -2) [potion of
                  | mutation]
  1053 | D:2      | Gained mutation: You expend magic power (3 MP) to
                  | strengthen your wands. [potion of mutation]
  1141 | D:2      | Reached skill level 1 in Evocations
  1469 | D:3      | Found a hazy altar of Hepliaklqana.
  1469 | D:3      | Found a radiant altar of Vehumet.
  1470 | D:3      | Found a sparkling altar of Nemelex Xobeh.
  1502 | D:3      | Found a shimmering blue altar of Sif Muna.
  1759 | D:3      | Found Zahy's Weapon Shop.
  1768 | D:3      | Bought 3 datura-tipped darts for 32 gold pieces
  1768 | D:3      | Bought 4 poisoned darts for 28 gold pieces
  1963 | D:3      | Reached XP level 5. HP: 36/36 MP: 5/5
  2042 | D:3      | Became a worshipper of Nemelex Xobeh the Trickster
  2395 | D:4      | Noticed Sigmund
  2426 | D:4      | Reached skill level 3 in Maces & Flails
  2426 | D:4      | Reached skill level 1 in Throwing
  2426 | D:4      | Killed Sigmund
  2427 | D:4      | Reached skill level 1 in Dodging
  2427 | D:4      | Reached XP level 6. HP: 14/52 MP: 7/7
  2542 | D:4      | Identified the +2 leather armour of Insecurity {rF- rC++
                  | Dex+2}
  2567 | D:4      | Noticed Dowan
  2573 | D:4      | Noticed Duvessa
  2576 | D:4      | Killed Dowan
  2577 | D:4      | Reached XP level 7. HP: 50/59 MP: 8/8
  2593 | D:4      | Killed Duvessa
  2783 | D:4      | Reached skill level 4 in Maces & Flails
  2998 | D:4      | Noticed Eustachio
  3012 | D:4      | Killed Eustachio
  3013 | D:4      | Reached skill level 5 in Shields
  3013 | D:4      | Reached XP level 8. HP: 59/67 MP: 8/10
  3133 | D:4      | Reached skill level 5 in Armour
  3237 | D:4      | Reached * piety under Nemelex Xobeh
  3430 | D:5      | Entered Level 5 of the Dungeon
  3578 | D:5      | Identified the +5 chain mail of the Pits of Slime {rF+
                  | Will+}
  3731 | D:5      | Found a sand-covered staircase.
  3785 | D:5      | Received a gift from Nemelex Xobeh
  3816 | D:5      | Reached XP level 9. HP: 39/73 MP: 11/11
  3841 | D:5      | Reached skill level 5 in Fighting
  3841 | D:5      | Reached skill level 5 in Maces & Flails
  3923 | D:5      | Identified the +9 dagger of the Ancients {drain, Will+}
  4119 | D:5      | Found Uptewe's Armour Emporium.
  4120 | D:5      | Found Vateboan's Antique Armour Emporium.
  4120 | D:5      | Found Reonn's General Store.
  4152 | D:5      | Bought a scroll of identify for 24 gold pieces
  4152 | D:5      | Bought 4 boomerangs for 96 gold pieces
  4405 | D:6      | Found Biepiwis's Book Emporium.
  4557 | D:6      | Received a gift from Nemelex Xobeh
  4846 | D:6      | Found a staircase to the Ecumenical Temple.
  4856 | Temple   | Entered the Ecumenical Temple
  4986 | D:6      | Found a broken altar of Ashenzari.
  5032 | D:7      | Reached skill level 6 in Maces & Flails
  5060 | D:7      | Reached skill level 5 in Throwing
  5069 | D:7      | Reached XP level 10. HP: 49/83 MP: 13/13
  5123 | D:7      | Reached ** piety under Nemelex Xobeh
  5144 | D:7      | Reached skill level 7 in Maces & Flails
  5212 | D:7      | Reached skill level 5 in Invocations
  5462 | D:7      | Got Kaplusch's Spellbook of the Unified Evil Eye
  5910 | D:8      | Received a gift from Nemelex Xobeh
  6040 | D:8      | You fall into a shaft and drop 3 floors!
  6041 | D:11     | Noticed a cyan ugly thing
  6043 | D:11     | Noticed a cyclops
  6043 | D:11     | Noticed a manticore
  6045 | D:11     | Noticed a cyclops
  6046 | D:11     | Noticed a manticore
  6089 | D:11     | Killed a cyclops
  6090 | D:11     | Reached skill level 5 in Evocations
  6090 | D:11     | Reached XP level 11. HP: 35/91 MP: 2/15
  6106 | D:11     | Noticed a cyclops
  6106 | D:11     | HP: 4/91 [cyclops/large rock (37)]
  6121 | D:11     | Killed a cyclops
  6122 | D:11     | Reached skill level 8 in Maces & Flails
  6160 | D:11     | Noticed a cyclops
  6172 | D:11     | Hit by a large rock thrown by a cyclops

Illustrated notes

Levels and vault maps discovered:
D:1:      roderic_dead_forest, layout_basic, chequers_serial_rivers_large_b
D:2:      layout_loops_cross
D:3:      layout_basic, nicolae_overflow_quartered_altars, serial_shops,
          nicolae_diamond_shop
D:4:      layout_gridville, uniq_eustachio, uniq_sigmund, uniq_duvessa
D:5:      layout_rooms, chequers_ossuary_entry_cave, kb_lookout_dungeons_type,
          nicolae_shop_distant_corner_stores, chequers_garden
D:6:      nicolae_BIG_FREAKIN_CUBE, layout_rooms,
          nicolae_overflow_hidden_temple, minmay_temple_entry_statues_pillars,
          serial_shops, kennysheep_little_box
D:7:      layout_basic, hex_large, st_stairs_2, grunt_livestock,
          mrwooster_statue_mirror
D:8:      layout_loops_cross, serial_shops, nicolae_shop_waterfront,
          water_boxes_lemuel
D:11:     minmay_the_grid_octo_tiled_squarecenter
          [minmay_the_grid_octo_tetromino_candy, minmay_the_grid_octo_focus,
          minmay_the_grid_octo_vomiting_pacman, minmay_the_grid_octo_concentric,
          minmay_the_grid_square_5x5_megaprize_open,
          minmay_the_grid_square_5x5_longway,
          minmay_the_grid_square_5x5_minimal,
          minmay_the_grid_square_5x5_two_small,
          minmay_the_grid_square_5x5_broken_cross], layout_cave_pools,
          minmay_orc_entry_temple_small, uniq_snorg, uniq_nergalle
Temple:   nicolae_temple_bog_church

Skill      XL: |  1  2  3  4  5  6  7  8  9 10 11 |
---------------+----------------------------------+-----
Invocations    | 1 2 3 4 5 |  5.7
Evocations     | 1 2 3 4 5 |  5.1
Maces & Flails | 3 4 6 7 8 |  8.1
Throwing       | 1 2 3 4 5 6 |  6.1
Fighting       | 4 5 6 |  6.7
Armour         | 4 5 6 7 |  7.2
Dodging        | 1 2 3 4 |  4.0
Shields        | 5 6 7 |  7.3

Action                     |  1- 3 |  4- 6 |  7- 9 | 10-12 || total
---------------------------+-------+-------+-------+-------++-------
  Melee: Flail             |    59 |       |       |       ||    59
         Whip              |    35 |    91 |    76 |       ||   202
         Giant spiked club |       |       |    75 |       ||    75
         Morningstar       |       |       |    53 |    86 ||   139
  Throw: Boomerang         |       |    16 |    44 |    34 ||    94
         Dart              |       |    11 |    42 |    12 ||    65
         Throwing net      |       |       |       |     2 ||     2
 Invoke: Draw Destruction  |       |       |     1 |     5 ||     6
         Draw Summoning    |       |       |       |     2 ||     2
         Draw Escape       |       |       |       |     1 ||     1
Ability: Dig               |     1 |     6 |     4 |     1 ||    12
         Shaft Self        |       |       |       |     1 ||     1
  Evoke: Wand              |       |       |       |    13 ||    13
    Use: Scroll            |     4 |     5 |     6 |     1 ||    16
         Potion            |       |     4 |     2 |     4 ||    10
   Stab: Invisible         |       |       |       |     1 ||     1
 Armour: Scale mail        |    77 |    27 |       |       ||   104
         Chain mail        |       |    28 |   232 |    70 ||   330
  Dodge: Dodged            |    47 |    35 |   131 |    48 ||   261
  Block: Buckler           |    25 |    25 |    61 |    26 ||   137
